AoeStats
← Diamante

Black Forest

508665518Analyzed
3v3 RM · 7d ago on Sep 23, 2026· 44m 48s· 6 players
Game mode
Random Map
Map size
Normal (6 player)
Population
200
Speed
Normal
Resources
Standard
Victory
Conquest
Starting age
Dark Age
Ending age
Imperial Age
RankedLock teamsTeams togetherTeam positionsShared explorationLock speedFull tech treeHidden civsTurbo modeCheats
Victory
Defeat
🇬🇧 Varangians · United Kingdom
1365
+12
🇬🇧 Danes · United Kingdom
1349
+13
🇹🇷 Cumans · Türkiye
1326
+13
🇨🇳 Saxons · China
1306
-14
🇨🇳 Persians · China
1260
-12
🇰🇷 Varangians · South Korea
1253
-12
^(* ̄(oo) ̄)^
1:33 Loom
11:25 Feudal Age
12:24 Double-Bit Axe
13:41 Man-at-Arms
18:39 Horse Collar
22:30 Castle Age
22:53 Wheelbarrow
23:50 Long Swordsman
24:53 Forging
24:44 Scale Mail Armor
30:22 Gambesons
30:56 Fletching
Diamante
1:53 Loom
11:27 Feudal Age
16:02 Castle Age
14:53 Double-Bit Axe
15:44 Horse Collar
17:25 Bow Saw
25:04 Scale Mail Armor
27:48 Wheelbarrow
28:34 Heavy Plow
28:29 Gold Mining
29:45 Stone Mining
32:44 Bloodlines
32:35 Husbandry
35:47 Imperial Age
34:41 Forging
34:37 Scale Barding Armor
36:38 Hand Cart
36:48 Chain Barding Armor
37:03 Iron Casting
DancingSword
1:49 Loom
10:41 Feudal Age
14:54 Castle Age
13:23 Double-Bit Axe
13:20 Horse Collar
17:51 Bow Saw
22:12 Wheelbarrow
21:25 Town Watch
24:59 Heavy Plow
24:50 Gold Mining
25:32 Stone Mining
29:23 Imperial Age
27:11 Hand Cart
28:49 Gold Shaft Mining
28:23 Scale Barding Armor
30:11 Conscription
29:52 Kamandaran
30:03 Cavalier
30:44 Husbandry
32:06 Chemistry
31:22 Bloodlines
32:27 Crop Rotation
33:02 Two-Man Saw
32:39 Stone Shaft Mining
31:41 Elite Skirmisher
33:12 Chain Barding Armor
33:21 Ballistics
33:30 Thumb Ring
32:49 Crossbowman
34:17 Forging
34:00 Fletching
34:10 Heavy Camel Rider
37:39 Iron Casting
37:00 Bodkin Arrow
40:03 Plate Barding Armor
39:29 Padded Archer Armor
41:00 Blast Furnace
41:33 Leather Archer Armor
Mercer
9:29 Feudal Age
9:35 Man-at-Arms
11:08 Loom
11:24 Double-Bit Axe
13:33 Horse Collar
14:14 Fletching
18:37 Padded Archer Armor
22:40 Castle Age
21:43 Gold Mining
21:54 Scale Mail Armor
23:25 Squires
23:41 Chain Mail Armor
24:23 Forging
24:28 Bow Saw
25:05 Wheelbarrow
27:22 Arson
28:46 Gambesons
39:41 Imperial Age
36:37 Long Swordsman
38:20 Hand Cart
40:23 Gold Shaft Mining
39:54 Capped Ram
40:58 Siege Ram
41:45 Elite Varangian Guard
reckem3
11:35 Feudal Age
16:53 Castle Age
15:30 Wheelbarrow
22:43 Double-Bit Axe
22:44 Fishing Lines
23:25 Gillnets
24:00 Bow Saw
23:31 Horse Collar
25:06 Heavy Plow
26:26 Hand Cart
27:15 Gold Mining
31:21 Imperial Age
28:37 Town Watch
28:58 Steppe Husbandry
29:10 Forging
30:14 Gold Shaft Mining
29:29 Stone Mining
29:51 Scale Barding Armor
30:00 Bloodlines
30:48 Iron Casting
30:31 Town Patrol
31:18 Chain Barding Armor
31:27 Elite Steppe Lancer
32:33 Conscription
33:16 Blast Furnace
34:05 Two-Man Saw
34:09 Plate Barding Armor
36:02 Cavalier
38:36 Fletching
38:46 Padded Archer Armor
39:08 Ballistics
39:28 Parthian Tactics
38:24 Heavy Cavalry Archer
39:25 Thumb Ring
40:26 Bodkin Arrow
40:52 Leather Archer Armor
41:29 Masonry
40:57 Capped Ram
43:08 Elite Skirmisher
DanielHD
11:33 Feudal Age
15:11 Castle Age
13:54 Double-Bit Axe
14:12 Horse Collar
16:19 Bow Saw
16:11 Heavy Plow
16:07 Loom
18:30 Fishing Lines
24:39 Stone Mining
24:41 Gold Mining
25:47 Wheelbarrow
25:30 Gillnets
31:27 Imperial Age
29:14 Hand Cart
28:45 Town Watch
29:39 Stone Shaft Mining
29:29 Ballistics
29:00 Fletching
29:41 Bodkin Arrow
30:34 Scale Mail Armor
31:18 Scale Barding Armor
32:23 Chain Barding Armor
32:14 Forging
33:13 Two-Man Saw
32:48 Crop Rotation
33:04 Bloodlines
32:55 Husbandry
32:25 Vendel Legacy
33:31 Town Patrol
32:57 Cavalier
34:24 Plate Barding Armor
34:21 Conscription
34:40 Iron Casting
35:26 Bracer
35:26 Gothikon
37:07 Caravan
39:49 Blast Furnace
39:07 Siege Engineers
44:16 Chain Mail Armor
44:27 Spies/Treason
Connection lost

Rejoining the realm…

Still unreachable

The connection could not be restored.

Session expired

The server has moved on; the page needs a fresh start.